AoeStats
← OxO

Arena

507070829Analyzed
3v3 RM · 16d ago on Sep 16, 2026· 43m 40s· 6 players
Game mode
Random Map
Map size
Normal (6 player)
Population
200
Speed
Normal
Resources
Standard
Victory
Conquest
Starting age
Dark Age
Ending age
Imperial Age
RankedLock teamsTeams togetherTeam positionsShared explorationLock speedFull tech treeHidden civsTurbo modeCheats
Victory
Defeat
🇪🇸 Britons · Spain
685
+14
🇪🇸 Chinese · Spain
682
+14
🇪🇸 Mongols · Spain
630
+16
🇧🇪 Tatars · Belgium
670
-16
🇮🇹 Persians · Italy
641
-15
🇹🇼 Huns · Taiwan
607
-13
OxO
13:04 Feudal Age
18:51 Castle Age
20:12 Man-at-Arms
23:58 Padded Archer Armor
23:49 Fletching
23:23 Pikeman
23:51 Arson
24:20 Crossbowman
28:47 Ballistics
29:07 Double-Bit Axe
29:06 Horse Collar
36:52 Imperial Age
34:06 Long Swordsman
35:32 Fortified Wall
35:49 Bodkin Arrow
36:09 Leather Archer Armor
35:54 Elite Skirmisher
37:11 Town Watch
37:45 Leather Archer Armor
OTSNK_ntujaychou
0:53 Loom
12:00 Feudal Age
12:41 Town Watch
13:34 Wheelbarrow
13:19 Double-Bit Axe
13:54 Horse Collar
20:22 Castle Age
19:19 Gold Mining
21:23 Heavy Plow
21:36 Scale Barding Armor
21:42 Forging
25:29 Bow Saw
27:12 Hand Cart
30:45 Husbandry
30:57 Bloodlines
33:35 Thumb Ring
36:31 Imperial Age
35:53 Marauders
36:10 Elite Skirmisher
38:17 Iron Casting
38:03 Chain Barding Armor
37:34 Fletching
41:09 Parthian Tactics
41:54 Chemistry
41:15 Ballistics
41:06 Masonry
40:54 Bodkin Arrow
42:08 Stone Mining
42:53 Gold Shaft Mining
raffaelepierri1987
10:52 Feudal Age
18:43 Castle Age
16:29 Horse Collar
16:57 Double-Bit Axe
17:25 Gold Mining
17:51 Stone Mining
20:14 Heavy Plow
23:15 Loom
24:49 Wheelbarrow
34:59 Wheelbarrow
37:59 Hand Cart
41:30 Imperial Age
40:08 Masonry
MarkiLokuras
9:55 Feudal Age
10:21 Double-Bit Axe
10:19 Horse Collar
19:45 Castle Age
23:17 Bow Saw
23:43 Stone Mining
23:44 Gold Mining
30:37 Wheelbarrow
30:30 Heavy Plow
35:32 Imperial Age
35:00 Gold Shaft Mining
37:53 Hand Cart
37:34 Fletching
37:46 Padded Archer Armor
37:53 Scale Barding Armor
38:16 Elite Steppe Lancer
22cmdeamor
6:36 Loom
10:39 Feudal Age
11:08 Horse Collar
12:19 Double-Bit Axe
19:57 Castle Age
19:39 Stone Mining
19:45 Gold Mining
20:43 Pikeman
22:10 Heavy Plow
22:35 Squires
24:13 Gambesons
32:53 Husbandry
35:27 Ballistics
37:54 Fortified Wall
39:46 Wheelbarrow
43:03 Yeomen
DiGhetto97
11:40 Feudal Age
18:03 Castle Age
16:35 Double-Bit Axe
22:03 Bow Saw
27:24 Imperial Age
27:28 Horse Collar
28:28 Wheelbarrow
28:28 Conscription
29:33 Fletching
31:03 Two-Man Saw
29:58 Gold Mining
30:22 Bodkin Arrow
31:24 Gold Shaft Mining
33:38 Padded Archer Armor
34:28 Hand Cart
37:49 Leather Archer Armor
40:29 Elite Chu Ko Nu
41:34 Bracer
42:12 Ring Archer Armor
43:13 Ballistics
43:53 Chemistry
Connection lost

Rejoining the realm…

Still unreachable

The connection could not be restored.

Session expired

The server has moved on; the page needs a fresh start.